 Dungeon Crawl Stone Soup version 0.18.1-48-g4cf74bf (webtiles) character file.

66 Lovchig the Covered (level 3, -5/34 HPs)
             Began as a Deep Dwarf Fighter on Aug 30, 2016.
             Slain by a goblin
             ... wielding a +0 dagger of electrocution
              (18 damage)
             ... on level 3 of the Dungeon.
             The game lasted 00:05:12 (1372 turns).

Lovchig the Covered (Deep Dwarf Fighter)            Turns: 1372, Time: 00:05:13

Health: -5/34      AC:  8    Str: 20    XL:     3   Next: 96%
Magic:  3/3        EV:  8    Int:  8    God:
Gold:   42         SH:  9    Dex: 12    Spells: 0 memorised, 2 levels left

rFire  . . .     SeeInvis .     a - +0 war axe
rCold  . . .     Gourm    +     b - +0 scale mail
rNeg   . . .     Faith    .     c - +0 shield
rPois  .         Spirit   .     l - +1 hat
rElec  .         Dismiss  .     (no cloak)
rCorr  .         Reflect  .     (no gloves)
SustAt +         Harm     .     (no boots)
MR     .....                    q - amulet of the gourmand
Stlth  ..........               (no ring)
                                h - ring of sustain attributes

@: non-regenerating, not resistant to hostile enchantments, extremely unstealthy
A: damage resistance, recharge devices, sense surroundings 1, slow regeneration
3
a: Device Recharging


You were on level 3 of the Dungeon.
You were completely stuffed.

You visited 1 branch of the dungeon, and saw 3 of its levels.

You collected 42 gold pieces.

Inventory:

Hand Weapons
 a - a +0 war axe (weapon)
Armour
 b - a +0 scale mail (worn)
 c - a +0 shield (worn)
 l - a +1 hat (worn)
Jewellery
 g - an uncursed amulet of rage
 h - a ring of sustain attributes (left hand)
 q - an amulet of the gourmand (around neck)
Wands
 e - a wand of heal wounds (5/9)
Scrolls
 r - 2 scrolls of amnesia
Potions
 d - a potion of might
 i - a potion of haste
 j - 2 potions of agility
 m - a potion of lignification
 n - 4 potions of curing {unknown}
 p - a potion of brilliance {unknown}
Comestibles
 f - a bread ration
 k - a chunk of flesh


   Skills:
 * Level 3.0 Fighting
 * Level 2.5 Axes
 * Level 4.0 Armour
 * Level 1.2 Dodging
 * Level 4.0 Shields


You had 2 spell levels left.
You didn't know any spells.

Dungeon Overview and Level Annotations

Branches:
Dungeon (3/15)

Altars:
Cheibriados
Makhleb
Trog


Innate Abilities, Weirdness & Mutations

You are resistant to damage.
You can recharge devices by infusing magical energy.
You passively map a small area around you.
You do not regenerate naturally.


Message History

The ball python barely misses you. The ball python grabs you.
The ball python constricts you.
You closely miss the ball python. You block the bat's attack.
The ball python bites you but does no damage.
The ball python constricts you.
The ball python bites you but does no damage.
The ball python constricts you.
A bat comes into view.
You hit the ball python.
You kill the ball python!
You block the bat's attack. You block the bat's attack.
You barely miss the bat. The bat closely misses you.
You block the goblin's attack.
An adder and a rat come into view.
You closely miss the goblin. You block the goblin's attack.
You completely miss the goblin. The goblin hits you but does no damage.
You are electrocuted!
Ouch! That really hurt!
You die...

, ,, * , *
## #.# , ..
..# ,* #.
#.#* ,##.
..., .## ,..
#.#
...>##.*#.#
,
....S..##.#
,...r..bg@<#
,....#.b####
, . .....
.......
...$...
....... ,
.#.....
#.....* ,


You could see an adder, a goblin, 2 bats and a rat.

Vanquished Creatures
  An adder (D:2)
  A worm (D:2)
  4 dart slugs
  4 giant geckos
  2 ball pythons
  6 goblins
  3 hobgoblins (D:1)
  8 bats
  4 giant newts
  5 kobolds
  5 rats
43 creatures vanquished.

Notes
Turn   | Place    | Note
--------------------------------------------------------------
     0 | D:1      | Lovchig the Deep Dwarf Fighter began the quest for the Orb.
     0 | D:1      | Reached XP level 1. HP: 20/20 MP: 1/1
   415 | D:1      | Reached XP level 2. HP: 20/27 MP: 2/2
   748 | D:2      | Reached XP level 3. HP: 16/33 MP: 3/3
   781 | D:2      | Found a burning altar of Makhleb.
   842 | D:2      | Found a bloodstained altar of Trog.
   845 | D:2      | Found a snail-covered altar of Cheibriados.
  1207 | D:2      | Reached skill level 1 in Dodging
  1372 | D:3      | Slain by a goblin

Skill      XL: |  1  2  3 |
---------------+----------+-----
Fighting       | 3 |  3.0
Armour         | 4 |  4.0
Dodging        | 1 |  1.2
Shields        | 4 |  4.0
Axes           | |  2.5

Action                   || total
-------------------------++-------
Melee: War axe           ||   125
  Use: Scroll            ||     8
  Eat: Chunk             ||    15
Armor: Scale mail        ||    83
Dodge: Dodged            ||    37
Block: Shield            ||    82
